AoeStats
← Annibale

Nomad

510139671Analyzed
3v3 RM · 3d ago on Sep 29, 2026· 48m 31s· 6 players
Game mode
Random Map
Map size
210×210
Population
200
Speed
Normal
Resources
Standard
Victory
Conquest
Starting age
Dark Age
Ending age
Imperial Age
RankedLock teamsTeams togetherTeam positionsShared explorationLock speedFull tech treeHidden civsTurbo modeCheats
Victory
Defeat
🇩🇪 Persians · Germany
1068
+14
🇩🇪 Franks · Germany
1054
+15
🇩🇪 Vietnamese · Germany
1052
+15
🇩🇪 Ethiopians · Germany
1122
-19
🇩🇪 Huns · Germany
1071
-16
🇩🇪 Persians · Germany
885
-9
Beltscharzar
14:08 Feudal Age
14:53 Double-Bit Axe
17:18 Fishing Lines
22:29 Castle Age
22:25 Pikeman
23:07 Squires
23:44 Bow Saw
24:17 Scale Mail Armor
24:27 Forging
26:59 Wheelbarrow
26:10 Town Watch
28:08 Gillnets
29:14 Chain Mail Armor
29:07 Scale Barding Armor
29:38 Iron Casting
30:22 Bloodlines
30:12 Husbandry
42:37 Imperial Age
40:14 Light Cavalry
41:11 Fletching
41:21 Padded Archer Armor
41:39 Chain Mail Armor
45:44 Conscription
Pumba
6:49 Loom
13:48 Feudal Age
19:00 Castle Age
21:08 Wheelbarrow
21:19 Fletching
22:49 Scale Barding Armor
22:30 Fishing Lines
24:31 Town Watch
25:02 Hand Cart
26:05 Forging
34:54 Double-Bit Axe
35:41 Husbandry
38:26 Bloodlines
40:12 Light Cavalry
41:18 Bodkin Arrow
kingnick8238
3:11 Loom
15:17 Feudal Age
16:27 Fishing Lines
22:47 Castle Age
21:19 Horse Collar
21:29 Double-Bit Axe
22:29 Fletching
22:40 Padded Archer Armor
22:41 Scale Mail Armor
22:52 Forging
23:16 Crossbowman
27:49 Bodkin Arrow
28:10 Leather Archer Armor
28:13 Chain Mail Armor
28:34 Iron Casting
30:19 Wheelbarrow
29:29 Town Watch
35:50 Bow Saw
36:33 Thumb Ring
37:02 Arson
39:33 Squires
40:28 Gold Mining
46:26 Hand Cart
47:25 Ballistics
Beta
5:00 Loom
13:36 Feudal Age
14:55 Wheelbarrow
15:20 Gold Mining
16:17 Fletching
16:29 Padded Archer Armor
17:02 Town Watch
21:28 Castle Age
20:51 Fishing Lines
22:59 Bodkin Arrow
25:05 Double-Bit Axe
27:27 Crossbowman
28:38 Squires
34:48 Ballistics
35:20 Leather Archer Armor
37:03 Thumb Ring
47:48 Imperial Age
Annibale
11:17 Loom
15:10 Feudal Age
22:23 Castle Age
21:31 Scale Barding Armor
39:15 Elite Skirmisher
strater11
5:13 Loom
14:43 Feudal Age
19:22 Castle Age
18:08 Gold Mining
18:09 Double-Bit Axe
18:32 Scale Barding Armor
18:25 Fishing Lines
21:30 Forging
24:03 Bow Saw
24:33 Scale Mail Armor
26:48 Wheelbarrow
26:08 Stone Mining
27:09 Chain Mail Armor
27:02 Squires
26:47 Arson
29:40 Hand Cart
30:37 Iron Casting
31:28 Town Watch
31:44 Ordonnance Companies
33:55 Chain Barding Armor
34:25 Fletching
38:09 Imperial Age
35:21 Pikeman
36:05 Husbandry
38:39 Elite Throwing Axeman
39:40 Conscription
40:26 Blast Furnace
40:46 Plate Mail Armor
43:08 Gold Shaft Mining
42:01 Cavalier
43:21 Plate Barding Armor
43:11 Paladin
45:48 Town Patrol
Connection lost

Rejoining the realm…

Still unreachable

The connection could not be restored.

Session expired

The server has moved on; the page needs a fresh start.